 Dungeon Crawl Stone Soup version 0.25-a0-302-g9f758675c1 (webtiles) character file.

Game seed: 10580436102915823362, levelgen mode: deterministic

2298 vishdafish the Charlatan (level 9, -9/79 HPs)
             Began as a Naga Fighter on Dec 20, 2019.
             Was a Priest of Fedhas.
             Mangled by an ogre
             ... wielding a +0 giant club
              (10 damage)
             ... on level 6 of the Dungeon.
             The game lasted 00:07:56 (5129 turns).

vishdafish the Charlatan (Naga Fighter)             Turns: 5129, Time: 00:07:56

Health: -9/79      AC: 10    Str: 23    XL:     9   Next: 40%
Magic:  13/13      EV:  5    Int:  9    God:    Fedhas [***...]
Gold:   326        SH: 10    Dex: 11    Spells: 8/8 levels left

rFire    . . .     SeeInvis +   a - +1 war axe
rCold    . . .     Gourm    .   c - +0 shield
rNeg     . . .     Faith    .   x - +0 chain mail
rPois    +         Spirit   .   l - +1 helmet
rElec    .         Reflect  .   (no cloak)
rCorr    .         Harm     .   (no gloves)
MR       +....                  (no barding)
Stlth    ..........             d - amulet of rage
HPRegen  0.23/turn              i - +2 ring of strength
MPRegen  0.13/turn              (no ring)

@: very slow
A: large, see invisible, deformed body, poison resistance, slowness 2, slow
metabolism 1, spit poison 1, AC +3
a: Spit Poison, Wall of Briars, Grow Ballistomycete, Renounce Religion, Evoke
Berserk Rage


You were on level 6 of the Dungeon.
You worshipped Fedhas.
Fedhas was most pleased with you.
You were hungry.

You visited 1 branch of the dungeon, and saw 6 of its levels.

You collected 326 gold pieces.

Inventory:

Hand Weapons
 a - a +1 war axe (weapon)
Armour
 b - a +0 scale mail
 c - a +0 shield (worn)
 l - a +1 helmet (worn)
 x - a +0 chain mail (worn)
Jewellery
 d - an amulet of rage (around neck)
 i - a +2 ring of strength (left hand)
 z - an uncursed amulet of faith {unknown}
Wands
 u - a wand of iceblast (8)
 y - a wand of paralysis (2)
 A - a wand of flame (13)
Scrolls
 k - 3 scrolls of remove curse
 n - 3 scrolls of fear
 p - a scroll of fog
Potions
 e - a potion of heal wounds
 g - 2 potions of ambrosia
 h - 2 potions of berserk rage {unknown}
 j - 2 potions of lignification {unknown}
 m - a potion of invisibility {unknown}
 o - a potion of cancellation {unknown}
 q - 2 potions of curing
 s - a potion of brilliance {unknown}
 t - a potion of agility {unknown}
Comestibles
 f - 13 rations


   Skills:
 - Level 4.3 Fighting
 + Level 6.0 Axes
 - Level 4.2 Armour
 - Level 0.9 Dodging
 - Level 0.1 Stealth
 + Level 4.9 Shields
 + Level 3.8 Invocations
 * Level 6.6 Evocations


You had 8 spell levels left.
You didn't know any spells.
Your spell library was empty.

Dungeon Overview and Level Annotations

Branches:
Dungeon (6/15)             Temple (0/1) D:5

Altars:
Elyvilon
Fedhas
Gozag
Hepliaklqana
Okawaru
Trog
Zin
The Shining One


Innate Abilities, Weirdness & Mutations

You cannot wear boots.
Your serpentine skin is tough. (AC +3)
You have supernaturally acute eyesight. (SInv)
Armour fits poorly on your strangely shaped body.
Your system is resistant to poisons. (rPois)
You cover ground very slowly.
You have a slow metabolism.
You can spit poison.


Message History

* * * LOW HITPOINT WARNING * * *
You slash the ogre!
The ogre is heavily wounded.
You hear the rusting of a very distant drain.
The ogre hits you with a +0 giant club.
* * * LOW HITPOINT WARNING * * *
You completely miss the ogre.
The ogre is heavily wounded.
You block the ogre's attack.
You hit the ogre.
The ogre is heavily wounded.
The ogre hits you with a +0 giant club!
* * * LOW HITPOINT WARNING * * *
Evoke which item? (* to show all) (? for menu, Esc to quit)
Aiming: Paralyse
Press: ? - help, Shift-Dir - straight line, f - ogre
Aim: an ogre, wielding a +0 giant club (heavily wounded, chance to defeat MR: 66%)
The ogre struggles to resist.
The ogre hits you with a +0 giant club!
You die...
Fedhas appreciates your contribution to the ecosystem.

##'#.# #.......# ......
.....# #.......# ......
#....# #.......# ......
#....###.......###......
#......+(...............
....####................
........................
###.####................
#.....##.######.@.......
.......#.# #.O....###
.......#†#######.....#
..._.(.)................
....(..#................
...(...#............>...
#(....##.###'##.........
###.####.# .#..........
..... ..# .


You could see an ogre.

Vanquished Creatures
  A hippogriff (D:6)
  Menkaure (D:5)
  3 phantoms
  3 ogres
  4 centaurs
  2 bullfrogs
  Blork the orc (D:6)
  2 scorpions (D:5)
  A howler monkey (D:4)
  2 crimson imps (D:5)
  3 orc priests
  A bullfrog skeleton (D:4)
  3 hounds
  A jelly (D:5)
  2 centaur skeletons
  Terence (D:3)
  Ijyb (D:5)
  2 orc wizards
  4 worker ants
  11 gnolls
  A howler monkey skeleton (D:5)
  5 adders
  2 shadow imps (D:6)
  An adder skeleton (D:4)
  A worm (D:2)
  2 dart slugs
  4 leopard geckos
  9 orcs
  10 giant cockroaches
  9 goblins
  10 hobgoblins
  14 jackals
  4 quokkas
  A ball python (D:2)
  6 bats
  6 frilled lizards
  10 kobolds
  7 rats
151 creatures vanquished.

Notes
Turn   | Place    | Note
-------+----------+-------------------------------------------
     0 | D:1      | vishdafish the Naga Fighter began the quest for the Orb.
     0 | D:1      | Reached XP level 1. HP: 21/21 MP: 1/1
    90 | D:1      | Reached XP level 2. HP: 18/28 MP: 2/2
   291 | D:1      | Reached XP level 3. HP: 28/34 MP: 3/3
   756 | D:2      | Reached XP level 4. HP: 13/42 MP: 4/4
  1051 | D:2      | Found a faded altar of an unknown god.
  1141 | D:2      | Became a worshipper of Fedhas Madash
  1141 | D:2      | Reached * piety under Fedhas
  1351 | D:3      | Noticed a bullfrog
  1361 | D:3      | Killed a bullfrog
  1361 | D:3      | Reached XP level 5. HP: 33/49 MP: 5/5
  1400 | D:3      | Noticed Terence
  1415 | D:3      | Killed Terence
  1646 | D:3      | Reached skill level 1 in Evocations
  1646 | D:3      | Reached XP level 6. HP: 33/56 MP: 6/6
  1805 | D:3      | Reached ** piety under Fedhas
  2054 | D:3      | Found a bloodstained altar of Trog.
  2064 | D:3      | Found a blossoming altar of Fedhas.
  2730 | D:4      | Noticed a phantom
  2739 | D:4      | Reached XP level 7. HP: 47/63 MP: 8/8
  2885 | D:4      | Found a glowing silver altar of Zin.
  3031 | D:4      | Found a hazy altar of Hepliaklqana.
  3213 | D:5      | Entered Level 5 of the Dungeon
  3216 | D:5      | Noticed Ijyb
  3222 | D:5      | Killed Ijyb
  3362 | D:4      | Reached XP level 8. HP: 45/73 MP: 10/10
  3364 | D:4      | Reached *** piety under Fedhas
  3400 | D:5      | Noticed Menkaure
  3408 | D:5      | HP: 3/73 [Menkaure (16)]
  3416 | D:5      | Killed Menkaure
  3416 | D:5      | Reached skill level 1 in Invocations
  3755 | D:5      | Reached skill level 5 in Axes
  3758 | D:5      | Found a white marble altar of Elyvilon.
  3786 | D:5      | Reached skill level 5 in Evocations
  4574 | D:5      | Found a glowing golden altar of the Shining One.
  4607 | D:5      | Reached XP level 9. HP: 45/79 MP: 13/13
  4659 | D:5      | Found an opulent altar of Gozag.
  4689 | D:5      | Found a staircase to the Ecumenical Temple.
  5030 | D:6      | Noticed Blork the orc
  5050 | D:6      | Killed Blork the orc
  5089 | D:6      | Found an iron altar of Okawaru.
  5128 | D:6      | HP: 1/79 [ogre/+0 giant club (11)]
  5129 | D:6      | Mangled by an ogre

Levels and vault maps discovered:
D:1:      matt_arrival_spirals, layout_rooms, minmay_statues_item,
          minmay_worlds_worst_comb
D:2:      layout_rooms, chequers_ecumenical_altar_island
D:3:      layout_basic, lemuel_crystal_altar, fedhas_altar_1, first_ration,
          kennysheep_donut, uniq_terence
D:4:      layout_basic, kennysheep_mini, zin_statuary, dk_vineyard_1
D:5:      layout_cave_pools, grunt_gozag_breadcrumbs, old_standard_altar,
          tso_metal_star, minmay_temple_entry_hall, grunt_ministairs_9,
          chequers_jeans, kennysheep_generic_room_5, uniq_menkaure, uniq_ijyb
D:6:      layout_basic, lemuel_coloured_pillars_altar, old_standard_altar,
          lemuel_doored_altar, portal_sewer_entry_d, uniq_blork_the_orc,
          uniq_grinder, uniq_duvessa, uniq_crazy_yiuf_cottage

Skill      XL: |  1  2  3  4  5  6  7  8  9 |
---------------+----------------------------+-----
Armour         | 3 4 |  4.2
Axes           | 3 4 5 6 |  6.0
Shields        | 3 4 |  4.9
Evocations     | 1 2 3 5 6 |  6.6
Fighting       | 4 |  4.3
Invocations    | 3 |  3.8
Dodging        | |  0.9
Stealth        | |  0.1

Action                   |  1- 3 |  4- 6 |  7- 9 || total
-------------------------+-------+-------+-------++-------
Melee: War axe           |   118 |   194 |   290 ||   602
Evoke: Wand              |       |       |     5 ||     5
  Use: Scroll            |     3 |     2 |     5 ||    10
       Potion            |       |     1 |     1 ||     2
 Stab: Paralysed         |       |       |     2 ||     2
  Eat: Chunk             |       |     4 |     4 ||     8
       Ration            |       |       |     1 ||     1
Armor: Scale mail        |    55 |    20 |    35 ||   110
       Ring mail         |    16 |    52 |       ||    68
       Chain mail        |       |       |   140 ||   140
       Skin              |       |       |     1 ||     1
Dodge: Dodged            |    50 |    52 |    69 ||   171
Block: Shield            |    91 |   105 |   173 ||   369

Table legend:
 A = Non-vault XP
 B = Vault XP
 C = Vault XP percentage of total XP
 D = Non-vault monster count
 E = Vault monster count
 F = Vault count percentage of total count
                 A         B        C        D         E       F
            +---------+---------+-------+---------+---------+-------
      Total |    2776 |     507 |  15.4 |     141 |      10 |   6.6
            +---------+---------+-------+---------+---------+-------
        D:1 |      50 |       8 |  13.8 |      26 |       4 |  13.3
        D:2 |      58 |       0 |   0.0 |      25 |       0 |   0.0
        D:3 |     273 |      36 |  11.7 |      35 |       1 |   2.8
        D:4 |     590 |       0 |   0.0 |      17 |       0 |   0.0
        D:5 |    1194 |     373 |  23.8 |      31 |       4 |  11.4
        D:6 |     611 |      90 |  12.8 |       7 |       1 |  12.5
            +---------+---------+-------+---------+---------+-------
